 Dungeon Crawl Stone Soup version 0.28-a0-401-ge240ad9e29 (webtiles) character file.

Game seed: 4844599261392917189

4 ytrimaz the Covered (level 1, -2/18 HPs)
             Began as a Demigod Fighter on Sept 4, 2021.
             Slain by a kobold (5 damage)
             ... on level 1 of the Dungeon.
             The game lasted 00:00:39 (321 turns).

ytrimaz the Covered (Demigod Fighter)                Turns: 321, Time: 00:00:39

Health: -2/18      AC:  6    Str: 17    XL:     1   Next: 46%
Magic:  3/3        EV:  9    Int: 10    God:
Gold:   17         SH:  0    Dex: 13    Spells: 0/0 levels left

rFire   . . .      SeeInvis .   a - +0 war axe
rCold   . . .      Faith    .   (no shield)
rNeg    . . .      Spirit   .   b - +0 scale mail
rPois   .          Reflect  .   (no helmet)
rElec   .          Harm     .   (no cloak)
rCorr   .          Rampage  .   (no gloves)
Will    .....                   (no boots)
Stlth   ..........              (no amulet)
HPRegen 0.06/turn               (no ring)
MPRegen 0.08/turn               (no ring)

@: no status effects
A: high mp 1, forlorn
a: no special abilities


You were on level 1 of the Dungeon.
You visited 1 branch of the dungeon, and saw 1 of its levels.

You collected 17 gold pieces.

Inventory:

Hand Weapons
 a - a +0 war axe (weapon)
Armour
 b - a +0 scale mail (worn)
 c - a +0 buckler
Scrolls
 e - a scroll of vulnerability {unknown}
Potions
 d - a potion of might


   Skills:
 + Level 2.8 Fighting
 * Level 1.9 Axes
 + Level 2.8 Armour
 - Level 2.6 Shields


You couldn't memorise any spells.
You didn't know any spells.
Your spell library was empty.

Dungeon Overview and Level Annotations

Branches:
Dungeon (1/15)


Innate Abilities, Weirdness & Mutations

Your attributes grow dramatically as you level up.
You have an increased reservoir of magic. (+10% MP)
You shall have no god before yourself.


Message History

You slash the quokka!
You kill the quokka!
You see here a hobgoblin corpse.
You see here a hobgoblin corpse.
You start resting.
HP restored.
You start waiting.
Done waiting.
Found a stone staircase leading down.
A bat and a kobold come into view.
The kobold shouts!
The bat hits you but does no damage. The bat hits you but does no damage.
The bat hits you.
The kobold hits you with a +0 short sword.
You closely miss the kobold. The bat hits you.
The kobold hits you but does no damage.
You hit the kobold but do no damage. The bat hits you.
The kobold hits you with a +0 short sword.
You completely miss the kobold. You closely miss the bat.
The bat hits you but does no damage.
The kobold hits you with a +0 short sword.
The bat hits you but does no damage.
The kobold hits you with a +0 short sword.
The bat closely misses you.
The kobold throws a stone.
The stone hits you but does no damage. The bat misses you.
The kobold throws a stone.
The stone hits you but does no damage. The bat barely misses you.
The bat hits you.
You hit the bat.
You kill the bat!
The kobold hits you with a +0 short sword.
* * * LOW HITPOINT WARNING * * *
You barely miss the kobold. The kobold barely misses you.
You closely miss the kobold. The kobold hits you but does no damage.
The kobold hits you with a +0 short sword.
* * * LOW HITPOINT WARNING * * *
You closely miss the kobold.
The kobold hits you with a +0 short sword.
You die...

##.....#..
##........#
#.........#
+.........+
#.........####.
##..>..........
##.....#######
##...########
##+#K@.....#
#.#.#####.#
#####.#.#####
............#
####....###.#.#
#...........#
##...####.###
##.## #รท#


You could see a kobold.

Vanquished Creatures
  An endoplasm (D:1)
  A hobgoblin (D:1)
  A quokka (D:1)
  A bat (D:1)
4 creatures vanquished.

Notes
Turn   | Place    | Note
-------+----------+-------------------------------------------
     0 | D:1      | ytrimaz the Demigod Fighter began the quest for the Orb.
     0 | D:1      | Reached XP level 1. HP: 18/18 MP: 3/3
   321 | D:1      | Slain by a kobold

Illustrated notes

Levels and vault maps discovered:
D:1:      dpeg_arrival_castle, layout_loops_corners, minmay_lizard_pond

Action                   || total
-------------------------++-------
Melee: War axe           ||    17
Armor: Scale mail        ||    12
Dodge: Dodged            ||     8

Table legend: (Time is in decaauts)
 A = Elapsed time spent in this place.
 B = Non-inter-level travel time spent in this place.
 C = Inter-level travel time spent in this place.
 D = Time resting spent in this place.
 E = Time spent auto-exploring this place.
 F = Levels seen in this place.
 G = Mean time per level.
                   A        B        C        D        E       F      G
               +--------+--------+--------+--------+--------+-----+--------+
         Total |    329 |    329 |      0 |    235 |     35 |   1 |  329.0 |
       Dungeon |    329 |    329 |      0 |    235 |     35 |   1 |  329.0 |
               +--------+--------+--------+--------+--------+-----+--------+

Top non-repeatable levels by time:
     D:1: 329 daAuts
